 Dungeon Crawl Stone Soup version 0.24-a0-139-geb6712d (webtiles) character file.

Game seed: 15900723954593390417

120 Anon1729 the Ducker (level 4, -5/22 HPs)
             Began as a Felid Monk on Mar 2, 2019.
             Slain by Terence
             ... wielding a +6 flail of holy wrath
              (12 damage)
             ... on level 2 of the Dungeon.
             The game lasted 00:02:46 (2428 turns).

Anon1729 the Ducker (Felid Monk)                    Turns: 2428, Time: 00:02:47

Health: -5/22      AC:  1    Str:  7    XL:     4   Next: 75%
Magic:  5/5        EV: 21    Int: 11    God:
Gold:   68         SH:  0    Dex: 19    Spells: 3/3 levels left
                                        Lives:  0   Deaths: 1

rFire    . . .     SeeInvis +     - Unarmed
rCold    . . .     Gourm    .   (shield unavailable)
rNeg     . . .     Faith    .   (armour unavailable)
rPois    .         Spirit   .   (helmet unavailable)
rElec    .         Reflect  .   (cloak unavailable)
rCorr    .         Harm     .   (gloves unavailable)
MR       .....                  (boots unavailable)
Stlth    +++.......             (no amulet)
HPRegen  0.07/turn              (no ring)
MPRegen  0.09/turn              (no ring)

@: quick
A: very small, no armour, no weapons or thrown items, stealth, claws 1, fangs 3,
see invisible, carnivore, speed 1, shaggy fur 1, slow metabolism 1, sharp paws
a: no special abilities


You were on level 2 of the Dungeon.
You were very full.

You visited 1 branch of the dungeon, and saw 2 of its levels.

You collected 68 gold pieces.

Inventory:

Scrolls
 b - a scroll of enchant armour {unknown}
 d - 2 scrolls of identify {unknown}
 e - a scroll of magic mapping {unknown}
 g - a scroll of remove curse {unknown}
 j - a scroll of teleportation {unknown}
 k - a scroll of blinking {unknown}
Potions
 c - a potion of invisibility {unknown}
 f - a potion of heal wounds {unknown}
 i - a potion of lignification {unknown}
Comestibles
 a - 3 rations


   Skills:
 + Level 4.0 Fighting
 + Level 5.2 Dodging
 + Level 4.3 Stealth
 + Level 4.0 Unarmed Combat


You had 3 spell levels left.
You didn't know any spells.
Your spell library was empty.

Dungeon Overview and Level Annotations

Branches:
Dungeon (2/15)

Altars:

Annotations:
D:2 Terence


Innate Abilities, Weirdness & Mutations

You cannot wear armour.
You are incapable of wielding weapons or throwing items.
Your paws allow you to move quietly. (Stealth)
You have sharp claws.
You have razor-sharp teeth.
You have supernaturally acute eyesight. (SInv)
You are carnivorous and can eat meat at any time.
You cover ground quickly.
You are covered in fur. (AC +1)
You have a slow metabolism.
Your sharp claws are effective at attacking unaware monsters.


Message History

You closely miss the hobgoblin. You scratch the hobgoblin.
You kill the hobgoblin!
Terence completely misses you. Terence misses you.
Things that are here:
a +0 club; a hobgoblin corpse You barely miss Terence.
Terence is lightly wounded.
Terence hits you with a +6 flail of holy wrath.
You scratch Terence but do no damage.
Terence is lightly wounded.
You scratch Terence. Your bite misses Terence.
Terence is moderately wounded.
Terence completely misses you.
You scratch Terence. Your bite misses Terence.
Terence is heavily wounded.
Terence hits you with a +6 flail of holy wrath!
Ouch! That really hurt!
You die...

############# #.........#..
#.#######.#.# #.# #.#.# #.#
#.#.### #.# #####.#...# ### #.#
#.........#.# ####.. #.#
#.....@@....# #...[. #.#
#........$### #.##.# #.#
#.........########.#... #######.#
#########.#........#### ........#
#.#.#######.... #########
#.#.#....#..... #.#.#.##.#..#.)
#.#.#.#..#.....
###################.#.#.#..#.####


You could see Terence.

Vanquished Creatures
  An orc wizard (D:2)
  An orc priest (D:2)
  Robin (D:2)
  2 adders (D:2)
  An ooze (D:1)
  2 worms (D:2)
  3 dart slugs
  2 leopard geckos (D:1)
  3 orcs (D:2)
  8 bats
  2 giant cockroaches
  14 goblins
  6 hobgoblins
  6 jackals
  3 kobolds (D:1)
  2 frilled lizards
  3 rats (D:2)
60 creatures vanquished.

Notes
Turn   | Place    | Note
-------+----------+-------------------------------------------
     0 | D:1      | Anon1729 the Felid Monk began the quest for the Orb.
     0 | D:1      | Reached XP level 1. HP: 10/10 MP: 2/2
   100 | D:1      | Reached XP level 2. HP: 13/14 MP: 3/3
  1140 | D:1      | Reached XP level 3. HP: 17/17 MP: 4/4
  1455 | D:2      | Noticed Robin
  1469 | D:2      | Killed Robin
  1469 | D:2      | Reached XP level 4. HP: 16/21 MP: 5/5
  1907 | D:2      | Killed from afar by an orc wizard
  1908 | D:2      | Reached XP level 3. HP: -2/18 MP: 4/4
  2083 | D:2      | Reached skill level 5 in Dodging
  2083 | D:2      | Reached XP level 4. HP: 11/22 MP: 5/5
  2418 | D:2      | Noticed Terence
  2428 | D:2      | Slain by Terence

Levels and vault maps discovered:
D:1:      dpeg_arrival_three_smaller_balls, layout_basic
D:2:      layout_basic, serial_glass, glass_columns_a, glass_columns_a,
          uniq_robin, uniq_terence

Skill      XL: |  1  2  3  4 |
---------------+-------------+-----
Stealth        | 3 4 |  4.3
Dodging        | 5 |  5.2
Fighting       | 4 |  4.0
Unarmed Combat | 4 |  4.0

Action                   |  1- 3 |  4- 6 || total
-------------------------+-------+-------++-------
Melee: Unarmed           |    98 |    75 ||   173
       Bite              |     9 |     6 ||    15
       Punch             |     2 |     1 ||     3
  Use: Potion            |       |     1 ||     1
 Stab: Sleeping          |     4 |     6 ||    10
       Distracted        |     2 |       ||     2
  Eat: Chunk             |    11 |     4 ||    15
Armor: Skin              |     2 |     2 ||     4
Dodge: Dodged            |    58 |    47 ||   105

Table legend:
 A = Non-vault XP
 B = Vault XP
 C = Vault XP percentage of total XP
 D = Non-vault monster count
 E = Vault monster count
 F = Vault count percentage of total count
                 A         B        C        D         E       F
            +---------+---------+-------+---------+---------+-------
      Total |     209 |      35 |  14.3 |      48 |      12 |  20.0
            +---------+---------+-------+---------+---------+-------
        D:1 |      44 |       0 |   0.0 |      20 |       0 |   0.0
        D:2 |     165 |      35 |  17.5 |      28 |      12 |  30.0
            +---------+---------+-------+---------+---------+-------
